 Dungeon Crawl Stone Soup version 0.29.1-15-g9cfb28693d (webtiles) character file.

Game seed: 8661073702244541385

371 Gabide the Trooper (level 6, 0/68 HPs)
             Began as an Ogre Monk on Apr 16, 2023.
             Slain by an ufetubus (4 damage)
             ... on level 5 of the Dungeon.
             The game lasted 00:03:14 (5381 turns).

Gabide the Trooper (Ogre Monk)                      Turns: 5381, Time: 00:03:15

Health: 0/68       AC:  3    Str: 18    XL:     6   Next: 71%
Magic:  6/6        EV: 11    Int: 11    God:
Gold:   193        SH:  0    Dex: 11    Spells: 5/5 levels left

rFire   . . .      SeeInvis .   a - +1 hand axe
rCold   . . .      Faith    .   (no shield)
rNeg    + . .      Spirit   .   b - +0 robe
rPois   .          Reflect  .   (helmet restricted)
rElec   .          Harm     .   (no cloak)
rCorr   .          Rampage  .   (gloves unavailable)
Will    .....                   (boots unavailable)
Stlth   ++........              (no amulet)
HPRegen 0.21/turn               j - ring of positive energy
MPRegen 0.10/turn               (no ring)

@: no status effects
A: large, unfitting armour, tough skin 1
a: no special abilities


You were on level 5 of the Dungeon.
You visited 1 branch of the dungeon, and saw 5 of its levels.

You collected 193 gold pieces.

Inventory:

Hand Weapons
 a - a +1 hand axe (weapon)
 i - a +0 giant club
Armour
 b - a +0 robe (worn)
Jewellery
 j - a ring of positive energy (left hand)
Scrolls
 e - a scroll of teleportation
 g - a scroll of enchant armour {unknown}
 n - a scroll of enchant weapon
Potions
 c - a potion of ambrosia
 d - a potion of heal wounds
 f - a potion of might {unknown}
 h - a potion of curing
 k - a potion of flight {unknown}
 l - 2 potions of magic
 m - a potion of attraction {unknown}


   Skills:
 + Level 6.4 Fighting
 + Level 4.8 Axes
 + Level 4.3 Dodging
 - Level 1.4 Stealth


You had 5 spell levels left.
You didn't know any spells.
Your spell library contained the following spells:

 Spells                   Type           Power      Damage    Failure   Level
 Ensorcelled Hibernation  Hex/Ice        0%         N/A       47%         2
 Spider Form              Tmut/Pois      0%         N/A       71%         3
 Anguish                  Hex/Necr       0%         N/A       98%         4


Dungeon Overview and Level Annotations

Branches:
Dungeon (5/15)
 Temple: D:4-7

Altars:
Qazlal

Annotations:
D:3 1 runed translucent door, EarthwalkerPL's ghost, weakling MiFi


Innate Abilities, Weirdness & Mutations

You are too large for most types of armour.
You have tough skin. (AC +1)


Message History

You barely miss the ufetubus. The ufetubus hits you.
The ufetubus hits you but does no damage.
The ufetubus hits you.
The ufetubus hits you but does no damage.
The ufetubus hits you. x2
You closely miss the ufetubus. The ufetubus closely misses you.
The ufetubus hits you but does no damage.
The ufetubus hits you. x2
* * * LOW HITPOINT WARNING * * *
You miss the ufetubus. The ufetubus hits you.
* * * LOW HITPOINT WARNING * * *
The ufetubus hits you.
* * * LOW HITPOINT WARNING * * *
The ufetubus closely misses you. The ufetubus hits you.
* * * LOW HITPOINT WARNING * * *
a - a +1 hand axe (weapon)
The ufetubus hits you but does no damage.
The ufetubus hits you.
* * * LOW HITPOINT WARNING * * *
You hit the ufetubus.
The ufetubus is moderately wounded.
The ufetubus hits you.
* * * LOW HITPOINT WARNING * * *
The ufetubus hits you.
* * * LOW HITPOINT WARNING * * *
You hit the ufetubus. Your punch misses the ufetubus.
The ufetubus is almost dead.
The ufetubus hits you.
* * * LOW HITPOINT WARNING * * *
The ufetubus closely misses you. The ufetubus barely misses you.
The ufetubus hits you.
* * * LOW HITPOINT WARNING * * *
You barely miss the ufetubus.
The ufetubus is almost dead.
The ufetubus closely misses you.
The ufetubus hits you but does no damage.
You hit the ufetubus but do no damage.
The ufetubus is almost dead.
The ufetubus barely misses you. The ufetubus hits you.
You die...

........###.###.#...#
#######.# #......#..#
#.# #..##.##..# #.#
#.....##..## #.#
##.......... #รท#
####.###.## #.# #.#
#.# .########.# #.#
#.# ......5@..# #.#
### ########### #.#
###


You could see an ufetubus.

Vanquished Creatures
  An ogre (D:5)
  A phantom (D:5)
  A scorpion (D:4)
  An iguana (D:5)
  8 adders
  3 dart slugs (D:2)
  A worm (D:2)
  An orc (D:4)
  6 endoplasms
  2 giant cockroaches
  4 goblins
  5 hobgoblins
  2 jackals (D:1)
  4 quokkas
  10 ball pythons
  2 bats
  2 frilled lizards
  6 kobolds
  3 rats
63 creatures vanquished.

Notes
Turn   | Place    | Note
-------+----------+-------------------------------------------
     0 | D:1      | Gabide the Ogre Monk began the quest for the Orb.
     0 | D:1      | Reached XP level 1. HP: 24/24 MP: 1/1
   215 | D:1      | Reached XP level 2. HP: 32/32 MP: 2/2
   785 | D:2      | Reached XP level 3. HP: 32/40 MP: 3/3
  2007 | D:3      | Reached XP level 4. HP: 45/49 MP: 4/4
  2009 | D:3      | Identified the +0 scale mail of Marbles {rF++ Will++ Int-2}
  2165 | D:3      | Found a faded altar of an unknown god.
  2174 | D:3      | Reached skill level 5 in Fighting
  2800 | D:3      | Found a stormy altar of Qazlal.
  2850 | D:3      | Found a runed translucent door.
  2889 | D:3      | Noticed EarthwalkerPL's ghost (weakling MiFi)
  3238 | D:4      | Noticed a scorpion
  3337 | D:4      | Reached XP level 5. HP: 57/57 MP: 5/5
  4250 | D:5      | Entered Level 5 of the Dungeon
  4285 | D:5      | Noticed a water moccasin
  4729 | D:5      | Noticed a phantom
  4757 | D:5      | Killed a phantom
  4758 | D:5      | Reached skill level 6 in Fighting
  4758 | D:5      | Reached XP level 6. HP: 32/67 MP: 6/6
  5381 | D:5      | Slain by an ufetubus

Illustrated notes

Levels and vault maps discovered:
D:1:      ncdulo_watergridlock, layout_loops_ring, chequers_avenue
D:2:      layout_basic, reono_crystal_passage, minmay_cut_off
D:3:      layout_rooms, lemuel_round_altar, nicolae_ecumenical_snake_handling,
          ebering_ghost_reflecting_pool
D:4:      layout_layer_cave
D:5:      layout_basic, minmay_temple_entry_tees,
          chequers_serial_rivers_micro_c, nrook_campfire

Skill      XL: |  1  2  3  4  5 |
---------------+----------------+-----
Dodging        | 3 4 |  4.3
Fighting       | 5 6 |  6.4
Axes           | 4 |  4.8
Stealth        | |  1.4

Action                   |  1- 3 |  4- 6 || total
-------------------------+-------+-------++-------
Melee: Hand axe          |    99 |   138 ||   237
       Punch             |     1 |       ||     1
       Giant club        |       |    16 ||    16
  Use: Scroll            |       |     8 ||     8
       Potion            |       |     1 ||     1
 Stab: Sleeping          |     4 |     1 ||     5
       Distracted        |       |     1 ||     1
Armor: Robe              |    30 |    42 ||    72
Dodge: Dodged            |    50 |   119 ||   169
